 Dungeon Crawl Stone Soup version 0.29.1-2-gbd0b4ee654 (webtiles) character file.

Game seed: 343125561620228034

32 qeuew the Caller (level 3, -5/26 HPs)
             Began as a Demonspawn Wanderer on Nov 3, 2022.
             Slain by Crazy Yiuf
             ... wielding a +3 quarterstaff of chaos
              (8 damage)
             ... on level 2 of the Dungeon.
             The game lasted 00:02:58 (1875 turns).

qeuew the Caller (Demonspawn Wanderer)              Turns: 1875, Time: 00:02:58

Health: -5/26      AC:  9    Str: 13    XL:     3   Next: 10%
Magic:  1/4        EV: 10    Int: 13    God:
Gold:   19         SH:  0    Dex: 13    Spells: 3/4 levels left

rFire   . . .      SeeInvis .   a - +1 mace
rCold   . . .      Faith    .   (no shield)
rNeg    . . .      Spirit   .   j - +1 ring mail
rPois   .          Reflect  .   (no helmet)
rElec   .          Harm     .   (no cloak)
rCorr   .          Rampage  .   l - +2 pair of gloves
Will    .....                   (no boots)
Stlth   +.........              (no amulet)
HPRegen 0.08/turn               (no ring)
MPRegen 0.09/turn               (no ring)

@: slowed, very slow
A: weakness stinger 1
a: no special abilities


You were on level 2 of the Dungeon.
You visited 1 branch of the dungeon, and saw 2 of its levels.

You collected 19 gold pieces.

Inventory:

Hand Weapons
 a - a +1 mace (weapon)
Armour
 j - a +1 ring mail (worn)
 l - a +2 pair of gloves (worn)
Scrolls
 e - a scroll of summoning
Potions
 c - a potion of berserk rage


   Skills:
 * Level 1.1 Fighting
 * Level 1.3 Maces & Flails
 * Level 1.3 Armour
 + Level 1.3 Dodging
 + Level 0.1 Stealth
 * Level 1.2 Spellcasting
 + Level 3.5 Summonings
 - Level 2.4 Invocations


You had 3 spell levels left.
You knew the following spells:

 Your Spells              Type           Power      Damage    Failure   Level
a - Summon Small Mammal   Summ           36%        N/A       14%         1

Your spell library contained the following spells:

 Spells                   Type           Power      Damage    Failure   Level
 Apportation              Tloc           0%         N/A       52%         1
 Necrotise                Necr           0%         1d4       52%         1
 Summon Ice Beast         Ice/Summ       5%         N/A       96%         4
 Summon Lightning Spire   Summ/Air       5%         N/A       96%         4


Dungeon Overview and Level Annotations

Branches:
Dungeon (2/15)

Altars:

Annotations:
D:2 Crazy Yiuf


Innate Abilities, Weirdness & Mutations

You have a small tail.


Message History

Found two hammers and a glowing hammer.
You see here the +4 hammer of Bonwixza {holy, *Rage rF+ rCorr Dex+3}.
You see here a +2 vorpal hammer.
You see here the +4 hammer of Bonwixza {holy, *Rage rF+ rCorr Dex+3}.
You open the door.
Crazy Yiuf sings, "Trees, trees, trees, circus!"
Crazy Yiuf hits you with a +3 quarterstaff of chaos!
You feel yourself slow down.
You hit Crazy Yiuf.
Your tail-slap misses Crazy Yiuf.
Crazy Yiuf is lightly wounded.
Your bat completely misses Crazy Yiuf.
Your bat hits Crazy Yiuf but does no damage.
Your bat hits Crazy Yiuf. x2; Crazy Yiuf closely misses you.
Crazy Yiuf barely misses you.
You closely miss Crazy Yiuf. You tail-slap Crazy Yiuf.
Crazy Yiuf is moderately wounded.
Your bat barely misses Crazy Yiuf.
Your bat hits Crazy Yiuf but does no damage.
Your bat hits Crazy Yiuf.
Your bat closely misses Crazy Yiuf.
Crazy Yiuf hits you with a +3 quarterstaff of chaos.
You are electrocuted!
* * * LOW HITPOINT WARNING * * *
Your bat hits Crazy Yiuf but does no damage.
Crazy Yiuf completely misses you.
Your bat hits Crazy Yiuf but does no damage.
You swap places.
Your bat hits Crazy Yiuf but does no damage.
Your bat closely misses Crazy Yiuf.
Your bat hits Crazy Yiuf but does no damage. x2
Your bat hits Crazy Yiuf.
Crazy Yiuf hits your bat with a +3 quarterstaff of chaos!
Your bat dies!
Your bat's corpse disappears in a puff of smoke!
You see here a +2 vorpal hammer.
You are too injured to fight recklessly!
Casting: Summon Small Mammal (safe; 14% risk of failure)
Press: ? - help, Q - select action Dir - look around, f - activate Your bat hits Crazy Yiuf but does no damage. x2
Crazy Yiuf hits you with a +3 quarterstaff of chaos!
You die...

.##############.#
.# #.##########
.# #..........#
.# #.########.#
## ### #.# #.##
#######..# ###
###r#)...#.#
#)))##@)#)......#
#.))bg####......#
#)))### ##....##
### ######


You could see Crazy Yiuf (ally target), a friendly bat (summoned) and a friendly
rat (summoned).

Vanquished Creatures
  A dart slug (D:1)
  2 endoplasms (D:1)
  4 goblins (D:1)
  2 hobgoblins (D:1)
  3 jackals (D:1)
  A kobold (D:1)
  2 quokkas (D:1)
  4 ball pythons (D:1)
  A bat (D:1)
  2 frilled lizards (D:1)
  A rat (D:1)
23 creatures vanquished.

Vanquished Creatures (collateral kills)
  An endoplasm (D:1)
  A hobgoblin (D:2)
  A jackal (D:1)
3 creatures vanquished.

Grand Total: 26 creatures vanquished

Notes
Turn   | Place    | Note
-------+----------+-------------------------------------------
     0 | D:1      | qeuew the Demonspawn Wanderer began the quest for the Orb.
     0 | D:1      | qeuew set off with the following items: a +0 mace, a +0
                  | pair of gloves, a potion of berserk rage, a +0 robe; and
                  | the following spell memorised: Summon Small Mammal; and the
                  | following spells available to memorise: Summon Ice Beast,
                  | Summon Lightning Spire.
     0 | D:1      | Reached XP level 1. HP: 15/15 MP: 2/2
   337 | D:1      | Gained mutation: You have a small tail. [demonic ancestry]
   337 | D:1      | Reached XP level 2. HP: 15/21 MP: 3/3
  1187 | D:1      | Found a faded altar of an unknown god.
  1444 | D:1      | Reached XP level 3. HP: 26/26 MP: 4/4
  1863 | D:2      | Found a runed translucent door.
  1864 | D:2      | Noticed Crazy Yiuf
  1866 | D:2      | Identified the +4 hammer of Bonwixza {holy, *Rage rF+ rCorr
                  | Dex+3}
  1875 | D:2      | Slain by Crazy Yiuf

Illustrated notes

Levels and vault maps discovered:
D:1:      dpeg_arrival_another_circle, layout_loops_corners,
          nicolae_ecumenical_snake_handling, minmay_tiny_reverse_x
D:2:      layout_basic, minmay_tetromino_l4, uniq_terence,
          uniq_crazy_yiuf_cottage

Action                   || total
-------------------------++-------
Melee: Mace              ||    79
       Tailslap          ||     6
 Cast: Summon Small Mamm ||     8
  Use: Scroll            ||     6
       Potion            ||     4
Armor: Robe              ||     7
       Ring mail         ||    32
Dodge: Dodged            ||    59
